 Dungeon Crawl Stone Soup version 0.30-a0-161-gdd60e06945 (webtiles) character file.

Game seed: 2534059777862085616

919 qw the Chopper (level 8, 0/49 HPs)
             Began as a Gargoyle Fighter on Sept 27, 2022.
             Was an Initiate of Okawaru.
             Killed from afar by Ijyb (14 damage)
             ... with a bolt of dispelling energy
             ... on level 5 of the Dungeon.
             The game lasted 00:01:26 (4218 turns).

qw the Chopper (Gargoyle Fighter)                   Turns: 4218, Time: 00:01:27

Health: 0/49       AC: 23    Str: 20    XL:     8   Next: 9%
Magic:  8/8        EV:  7    Int:  9    God:    Okawaru [......]
Gold:   237        SH:  4    Dex:  9    Spells: 7/7 levels left

rFire   . . .      SeeInvis .    Y - +1 war axe
rCold   . . .      Faith    .    c - +0 buckler
rNeg    + . .      Spirit   .    j - +4 chain mail {Will+}
rPois   inf        Reflect  .    (no helmet)
rElec   +          Harm     .    (no cloak)
rCorr   .          Rampage  .    m - +2 pair of gloves
Will    +....      Clarity  +    l - +0 pair of boots
Stlth   ..........               (no amulet)
HPRegen 0.16/turn                (no ring)
MPRegen 0.11/turn                (no ring)

@: no status effects
A: sickness immunity, AC +5, negative energy resistance 1, electricity
resistance, torment resistance 1, petrification resistance, clarity, weak 1
a: Renounce Religion


You were on level 5 of the Dungeon.
You worshipped Okawaru.
Okawaru was noncommittal.
You visited 1 branch of the dungeon, and saw 5 of its levels.

You collected 237 gold pieces.


Innate Abilities, Weirdness & Mutations

You are immune to sickness and miasma.
Your stone body is resilient. (AC +5)
You are immune to poison.
You resist negative energy. (rN+)
You are resistant to electric shocks. (rElec)
You are resistant to unholy torment.
You are immune to petrification.
You possess an exceptional clarity of mind.
You are weak. (Str -2)


   Skills:
 - Level 5.0 Fighting
 - Level 7.2 Axes
 + Level 0.8 Throwing
 - Level 3.2 Armour
 - Level 2.1 Dodging
 - Level 3.2 Shields


You had 7 spell levels left.
You didn't know any spells.
Your spell library was empty.

Inventory:

Hand Weapons
 r - a +0 morningstar
 Y - a +1 war axe (weapon)
Missiles
 o - 7 boomerangs (quivered)
Armour
 c - a +0 buckler (worn)
 j - a +4 chain mail of willpower (worn)
 l - a +0 pair of boots (worn)
 m - a +2 pair of gloves (worn)
Jewellery
 i - a ring of ice
Scrolls
 e - a scroll of fog {unknown}
 n - a scroll of identify
Potions
 a - a potion of heal wounds
 b - a potion of attraction {unknown}
 d - a potion of might
 f - a potion of flight {unknown}
 g - a potion of curing
 h - 2 potions of mutation
 k - a potion of cancellation {unknown}
 p - 2 potions of degeneration {unknown}
 q - a potion of brilliance {unknown}
 s - 2 potions of lignification {unknown}

Dungeon Overview and Level Annotations

Branches:
Dungeon (5/15)
 Temple: D:4-7

Altars:
Ashenzari
Cheibriados
Elyvilon
Nemelex Xobeh
Okawaru
Sif Muna
Xom
Yredelemnul

Annotations:
D:4 1 runed translucent door, Crazy Yiuf
D:5 Ijyb


Message History

You kill the jelly!
Okawaru accepts your kill.
Ijyb zaps a wand.
The bolt of dispelling energy hits you!
Your magical effects are unravelling.
A scorpion comes into view.
You are no longer corroded.
Ijyb zaps a wand.
The bolt of dispelling energy misses you.
You hit Ijyb but do no damage.
Ijyb zaps a wand.
The bolt of dispelling energy hits you but does no damage.
You barely miss the scorpion. You hit Ijyb.
The scorpion stings you but does no damage.
Ijyb hits you but does no damage.
The scorpion stings you but does no damage.
You slash Ijyb!
Ijyb is heavily wounded.
You hit the scorpion but do no damage. Ijyb hits you with a +0 dagger.
The scorpion stings you but does no damage.
You hit Ijyb but do no damage.
Ijyb is heavily wounded.
You hit the scorpion but do no damage. The scorpion stings you.
Ijyb hits you but does no damage. You block Ijyb's attack.
The scorpion barely misses you.
You barely miss Ijyb.
Ijyb is heavily wounded.
You closely miss the scorpion. The scorpion barely misses you.
You block Ijyb's attack.
You hit Ijyb.
Ijyb is heavily wounded.
You hit the scorpion but do no damage.
The scorpion stings you but does no damage.
Ijyb closely misses you.
You hit Ijyb.
Ijyb is heavily wounded.
You hit the scorpion but do no damage. You block the scorpion's attack.
Ijyb zaps a wand.
The bolt of dispelling energy hits you!
You die...

. .. ... .... ####.....
#gs...... #@# #.# #.# #.#
.######.## #########
.........# #........
#########)## #.######.
..~~~~~..#.######...#..#.
.~ยค....~%#.............#.


You could see Ijyb and a scorpion.

Vanquished Creatures
  Menkaure (D:4)
  A water moccasin (D:5)
  A black bear (D:4)
  A centaur (D:5)
  A phantom (D:4)
  A scorpion (D:3)
  3 jellies
  3 hounds
  An orc priest (D:4)
  6 adders
  A shadow imp (D:5)
  3 worms
  2 dart slugs (D:2)
  9 orcs
  A ball python (D:1)
  2 bats (D:3)
  5 endoplasms (D:2)
  3 giant cockroaches (D:2)
  5 goblins
  2 hobgoblins (D:3)
  4 jackals (D:2)
  7 kobolds
  3 quokkas
  5 frilled lizards
  4 rats
75 creatures vanquished.

Notes
Turn   | Place    | Note
-------+----------+-------------------------------------------
     0 | D:1      | qw the Gargoyle Fighter began the quest for the Orb.
     0 | D:1      | Reached XP level 1. HP: 14/14 MP: 1/1
     0 | D:1      | 0 ||| qw: Version: 0.2-a-10-g37ed214
     0 | D:1      | 0 ||| qw: Game counter: 652
     0 | D:1      | 0 ||| qw: Always use a shield: true
     0 | D:1      | 0 ||| qw: God list: Okawaru
     0 | D:1      | 0 ||| qw: Allow faded altars: false
     0 | D:1      | 0 ||| qw: Do Orc after D:15 true
     0 | D:1      | 0 ||| qw: Do second Lair branch before Depths: true
     0 | D:1      | 0 ||| qw: Lair rune preference: random
     0 | D:1      | 0 ||| qw: Plans: Normal, Zot:1-4, God:TSO, Crypt, Tomb,
                  | Pan, Slime:5, Hells, Abyss, Orb
     0 | D:1      | 0 ||| PLANNING D:1-11
    57 | D:1      | Reached skill level 2 in Axes
   114 | D:1      | Found a faded altar of an unknown god.
   234 | D:1      | 234 ||| Stepping ~*~*~tactically~*~*~ (stealth).
   344 | D:1      | Reached XP level 2. HP: 19/19 MP: 2/2
   555 | D:1      | 555 ||| UPGRADING to +0 pair of boots.
   560 | D:1      | 560 ||| READING scroll labelled TYM MU ESOERESU.
   561 | D:1      | 561 ||| READING 3 scrolls labelled REQARGH VEKA.
   562 | D:1      | 562 ||| DRINKING 3 glowing yellow potions.
   562 | D:1      | Gained mutation: You possess an exceptional clarity of
                  | mind. [potion of mutation]
   562 | D:1      | Gained mutation: You are weak. (Str -2) [potion of
                  | mutation]
   563 | D:1      | 563 ||| DROPPING 2 scrolls of fear.
   612 | D:1      | 612 ||| Stepping ~*~*~tactically~*~*~ (stealth).
   643 | D:2      | 643 ||| Stepping ~*~*~tactically~*~*~ (stealth).
   708 | D:2      | 708 ||| Stepping ~*~*~tactically~*~*~ (stealth).
   709 | D:2      | 709 ||| Stepping ~*~*~tactically~*~*~ (stealth).
   714 | D:2      | 714 ||| Stepping ~*~*~tactically~*~*~ (stealth).
   741 | D:2      | 741 ||| DROPPING +0 club.
   808 | D:2      | Reached skill level 3 in Axes
   808 | D:2      | Reached XP level 3. HP: 19/23 MP: 3/3
   876 | D:2      | 876 ||| Stepping ~*~*~tactically~*~*~ (hiding).
  1278 | D:2      | 1278 ||| Stepping ~*~*~tactically~*~*~ (stealth).
  1618 | D:2      | 1618 ||| READING scroll labelled PIASET ZASAHIE.
  1619 | D:2      | 1619 ||| READING scroll labelled NIPHITS JAMMY.
  1659 | D:3      | 1659 ||| STAIRDANCE
  1672 | D:3      | 1672 ||| STAIRDANCE
  1698 | D:3      | Reached XP level 4. HP: 26/28 MP: 4/4
  1698 | D:3      | 1698 ||| Stepping ~*~*~tactically~*~*~ (stealth).
  1712 | D:3      | 1712 ||| Stepping ~*~*~tactically~*~*~ (stealth).
  1714 | D:3      | 1714 ||| Stepping ~*~*~tactically~*~*~ (stealth).
  1716 | D:3      | 1716 ||| Stepping ~*~*~tactically~*~*~ (stealth).
  1717 | D:3      | 1717 ||| Stepping ~*~*~tactically~*~*~ (stealth).
  1718 | D:3      | 1718 ||| Stepping ~*~*~tactically~*~*~ (stealth).
  1719 | D:3      | 1719 ||| Stepping ~*~*~tactically~*~*~ (stealth).
  1769 | D:3      | Reached skill level 4 in Axes
  1772 | D:3      | 1772 ||| Stepping ~*~*~tactically~*~*~ (stealth).
  2217 | D:3      | Found a shimmering altar of Xom.
  2236 | D:3      | 2236 ||| DROPPING +0 whip.
  2333 | D:3      | 2333 ||| UPGRADING to +2 pair of gloves.
  2338 | D:3      | 2338 ||| READING scroll labelled CISCHOH IDIE.
  2339 | D:3      | 2339 ||| READING scroll labelled ITHRAI GITEUZA.
  2340 | D:3      | 2340 ||| READING scroll labelled XONEWU DOOPYLE.
  2341 | D:3      | 2341 ||| DRINKING 2 puce potions.
  2360 | D:4      | 2360 ||| STAIRDANCE
  2366 | D:4      | Noticed a scorpion
  2367 | D:4      | 2367 ||| STAIRDANCE
  2370 | D:3      | Reached XP level 5. HP: 32/32 MP: 5/5
  2376 | D:4      | 2376 ||| STAIRDANCE
  2379 | D:3      | Reached skill level 5 in Axes
  2398 | D:4      | 2398 ||| STAIRDANCE
  2412 | D:4      | 2412 ||| Stepping ~*~*~tactically~*~*~ (stealth).
  2413 | D:4      | 2413 ||| Stepping ~*~*~tactically~*~*~ (stealth).
  2483 | D:4      | Reached XP level 6. HP: 18/38 MP: 6/6
  2659 | D:4      | Identified the +4 whip of Zin's Approval {vorpal, Fly Str+2
                  | Dex+2}
  2680 | D:4      | Found a basalt altar of Yredelemnul.
  2694 | D:4      | 2694 ||| Stepping ~*~*~tactically~*~*~ (hiding).
  2809 | D:4      | Noticed a black bear
  2822 | D:4      | Killed a black bear
  2869 | D:4      | 2869 ||| FLEEEEING.
  2870 | D:4      | 2870 ||| FLEEEEING.
  3033 | D:4      | 3033 ||| Stepping ~*~*~tactically~*~*~ (stealth).
  3054 | D:4      | Reached XP level 7. HP: 37/43 MP: 7/7
  3054 | D:4      | 3054 ||| FLEEEEING.
  3055 | D:4      | 3055 ||| FLEEEEING.
  3056 | D:4      | 3056 ||| FLEEEEING.
  3057 | D:4      | 3057 ||| FLEEEEING.
  3058 | D:4      | 3058 ||| FLEEEEING.
  3059 | D:4      | 3059 ||| FLEEEEING.
  3060 | D:4      | 3060 ||| FLEEEEING.
  3061 | D:4      | 3061 ||| FLEEEEING.
  3062 | D:4      | 3062 ||| STAIRDANCE
  3094 | D:3      | 3094 ||| UPGRADING to +1 ring mail of cold resistance.
  3104 | D:3      | 3104 ||| READING scroll labelled YPYQITROARI.
  3105 | D:3      | 3105 ||| READING scroll labelled QEJUPIADI.
  3182 | D:4      | 3182 ||| DROPPING +4 whip of Zin's Approval {vorpal, Fly
                  | Str+2 Dex+2}.
  3183 | D:4      | 3183 ||| DROPPING +0 flail.
  3279 | D:4      | Found a broken altar of Ashenzari.
  3314 | D:4      | Found a runed translucent door.
  3315 | D:4      | Noticed Crazy Yiuf
  3374 | D:4      | 3374 ||| Stepping ~*~*~tactically~*~*~ (stealth).
  3442 | D:4      | Noticed Menkaure
  3443 | D:4      | 3443 ||| Stepping ~*~*~tactically~*~*~ (hiding).
  3444 | D:4      | 3444 ||| Stepping ~*~*~tactically~*~*~ (hiding).
  3453 | D:4      | Killed Menkaure
  3454 | D:4      | Reached skill level 6 in Axes
  3536 | D:4      | 3536 ||| DROPPING +0 scale mail.
  3537 | D:4      | 3537 ||| UPGRADING to +4 chain mail of willpower.
  3547 | D:4      | 3547 ||| DROPPING +1 ring mail of cold resistance.
  3548 | D:4      | 3548 ||| READING 2 scrolls of identify.
  3548 | D:4      | 3548 ||| IDENTIFYING cyan potion
  3616 | D:4      | 3616 ||| Stepping ~*~*~tactically~*~*~ (stealth).
  3705 | D:4      | 3705 ||| STAIRDANCE
  3709 | D:3      | Found an iron altar of Okawaru.
  3710 | D:3      | 3710 ||| PLANNING OKAWARU WORSHIP
  3717 | D:3      | Became a worshipper of Warmaster Okawaru
  3718 | D:3      | 3718 ||| PLANNING D:1-11
  3748 | D:5      | Entered Level 5 of the Dungeon
  3762 | D:5      | 3762 ||| Stepping ~*~*~tactically~*~*~ (hiding).
  3930 | D:5      | Found a white marble altar of Elyvilon.
  4044 | D:5      | Found a sparkling altar of Nemelex Xobeh.
  4073 | D:5      | Found a snail-covered altar of Cheibriados.
  4120 | D:5      | Found a shimmering blue altar of Sif Muna.
  4137 | D:5      | Reached skill level 7 in Axes
  4154 | D:5      | 4154 ||| Stepping ~*~*~tactically~*~*~ (stealth).
  4162 | D:5      | Reached XP level 8. HP: 43/49 MP: 8/8
  4203 | D:5      | Noticed Ijyb
  4204 | D:5      | 4204 ||| Stepping ~*~*~tactically~*~*~ (hiding).
  4218 | D:5      | Killed from afar by Ijyb

Levels and vault maps discovered:
D:1:      ncdulo_halloftheorcs, layout_rooms,
          shapermc_ecumenical_altar_rom_forum
D:2:      layout_loops_cross
D:3:      layout_rooms, nicolae_overflow_hidden_temple, xom_teletrap_fun,
          kennysheep_nub
D:4:      layout_loops_ring, mainiacjoe_overflow_24_doors,
          cheibrodos_ashenzari_chains, dreamdust_princess_corridor,
          uniq_menkaure, uniq_crazy_yiuf_cottage
D:5:      layout_basic, mainiacjoe_overflow_chevrons,
          nemelex_diamond_rough_becter, mainiacjoe_overflow_catwalk,
          mainiacjoe_overflow_paths, minmay_temple_entry_proselytizer, uniq_ijyb

Skill      XL: |  1  2  3  4  5  6  7 |
---------------+----------------------+-----
Axes           | 2 3 4 5 7 |  7.2
Fighting       | 4 5 |  5.0
Dodging        | 2 |  2.1
Throwing       | |  0.8
Armour         | |  3.2
Shields        | |  3.2

Action                   |  1- 3 |  4- 6 |  7- 9 || total
-------------------------+-------+-------+-------++-------
Melee: War axe           |    98 |    89 |    53 ||   240
Throw: Boomerang         |       |    10 |     9 ||    19
  Use: Scroll            |     4 |     3 |     3 ||    10
       Potion            |     1 |     1 |       ||     2
Armor: Scale mail        |    51 |    48 |       ||    99
       Chain mail        |       |       |    37 ||    37
       Ring mail         |       |       |     2 ||     2
Dodge: Dodged            |    43 |    42 |    19 ||   104
Block: Buckler           |    23 |    17 |    14 ||    54

Table legend:
 A = Non-vault XP
 B = Vault XP
 C = Vault XP percentage of total XP
 D = Non-vault monster count
 E = Vault monster count
 F = Vault count percentage of total count
                 A         B        C        D         E       F
            +---------+---------+-------+---------+---------+-------
      Total |    1144 |     169 |  12.9 |      74 |       1 |   1.3
            +---------+---------+-------+---------+---------+-------
        D:1 |      14 |       0 |   0.0 |       8 |       0 |   0.0
        D:2 |      63 |       0 |   0.0 |      26 |       0 |   0.0
        D:3 |     188 |       0 |   0.0 |      18 |       0 |   0.0
        D:4 |     461 |     169 |  26.8 |      13 |       1 |   7.1
        D:5 |     418 |       0 |   0.0 |       9 |       0 |   0.0
            +---------+---------+-------+---------+---------+-------
